 Dungeon Crawl Stone Soup version 0.23-a0-612-gcb482e9 (webtiles) character file.

130 Mgcat the Chiller (level 4, 0/24 HPs)
             Began as a Deep Elf Ice Elementalist on Dec 21, 2018.
             Slain by an orc priest
             ... wielding a +0 hand axe
              (3 damage)
             ... on level 3 of the Dungeon.
             The game lasted 00:04:48 (2967 turns).

Mgcat the Chiller (Deep Elf Ice Elementalist)       Turns: 2967, Time: 00:04:49

Health: 0/24       AC:  4    Str:  5    XL:     4   Next: 89%
Magic:  0/12       EV: 13    Int: 21    God:
Gold:   199        SH:  0    Dex: 15    Spells: 1/11 levels left

rFire    . . .     SeeInvis .   g - +0 dagger
rCold    . . .     Gourm    .   (no shield)
rNeg     . . .     Faith    .   a - +0 robe
rPois    .         Spirit   .   b - +0 helmet
rElec    .         Reflect  .   (no cloak)
rCorr    .         Harm     .   (no gloves)
MR       .....                  q - +0 pair of boots
Stlth    +++.......             (no amulet)
HPRegen  0.08/turn              (no ring)
MPRegen  0.13/turn              (no ring)

@: no status effects
A: no striking features
a: no special abilities


You were on level 3 of the Dungeon.
You were not hungry.

You visited 1 branch of the dungeon, and saw 3 of its levels.

You collected 199 gold pieces.

Inventory:

Hand Weapons
 d - a +0 hunting sling
   (You found it on level 1 of the Dungeon)
 g - a +0 dagger (weapon)
   (You found it on level 1 of the Dungeon)
Armour
 a - a +0 robe (worn)
 b - a +0 helmet (worn)
   (You found it on level 1 of the Dungeon)
 q - a +0 pair of boots (worn)
   (You found it on level 3 of the Dungeon)
Scrolls
 e - 7 scrolls of identify {unknown}
 f - 3 scrolls of teleportation {unknown}
 h - a scroll of enchant armour {unknown}
 j - a scroll of immolation {unknown}
 k - a scroll of blinking {unknown}
 l - 2 scrolls of fog {unknown}
 m - a scroll of remove curse {unknown}
 o - a scroll of amnesia {unknown}
 r - a scroll of magic mapping {unknown}
Potions
 i - a potion of degeneration {unknown}
 n - a potion of magic {unknown}
 p - a potion of might {unknown}
 s - a potion of mutation {unknown}
Comestibles
 c - 9 rations


   Skills:
 - Level 2.4 Dodging
 + Level 4.0 Stealth
 + Level 4.2 Spellcasting
 + Level 2.0 Conjurations
 - Level 1.0 Charms
 + Level 0.9 Summonings
 + Level 4.2 Ice Magic


You had one spell level left.
You knew the following spells:

 Your Spells              Type           Power        Failure   Level  Hunger
a - Freeze                Ice            ###.         1%          1    None
b - Throw Frost           Conj/Ice       ###...       4%          2    #......
c - Ozocubu's Armour      Chrm/Ice       ###.....     12%         3    ##.....
d - Summon Ice Beast      Ice/Summ       ###.....     38%         4    ####...

Your spell library contained the following spells:

 Spells                   Type           Power        Failure   Level  Hunger
 Throw Icicle             Conj/Ice       ###.....     32%         4    ####...


Dungeon Overview and Level Annotations

Branches:
Dungeon (3/15)

Altars:


Message History

Casting: Throw Frost (safe; 5% risk of failure)
Confirm with . or Enter, or press ? or * to list all spells.
Aiming: Throw Frost (safe; 5% risk of failure)
Press: ? - help, Shift-Dir - straight line, f/p - orc priest
Aim: an orc priest, wielding a +0 flail (heavily wounded)
The puff of frost misses the orc priest.
The orc priest closely misses you.
Casting: Throw Frost (safe; 5% risk of failure)
Confirm with . or Enter, or press ? or * to list all spells.
Aiming: Freeze (safe; 2% risk of failure)
Press: ? - help, Shift-Dir - straight line, f/p - orc priest
Aim: an orc priest, wielding a +0 flail (heavily wounded)
You freeze the orc priest.
The orc priest is severely wounded.
The orc priest barely misses you.
Casting: Freeze (safe; 2% risk of failure)
Confirm with . or Enter, or press ? or * to list all spells.
Aiming: Freeze (safe; 2% risk of failure)
Press: ? - help, Shift-Dir - straight line, f/p - orc priest
Aim: an orc priest, wielding a +0 flail (severely wounded)
You freeze the orc priest.
You kill the orc priest!
Your Stealth skill increases to level 4!
Your Conjurations skill increases to level 2!
You start resting.
The orc priest is too close now for your liking.
Unknown command.
Casting: Freeze (safe; 1% risk of failure)
Confirm with . or Enter, or press ? or * to list all spells.
Aiming: Throw Frost (safe; 4% risk of failure)
Press: ? - help, Shift-Dir - straight line, f - orc priest
Aim: an orc priest, wielding a +0 hand axe and wearing a +0 ring mail The puff of frost hits the orc priest.
The orc priest appears unharmed.
Casting: Throw Frost (safe; 4% risk of failure)
Confirm with . or Enter, or press ? or * to list all spells.
Aiming: Throw Frost (safe; 4% risk of failure)
Press: ? - help, Shift-Dir - straight line, f/p - orc priest
Aim: an orc priest, wielding a +0 hand axe and wearing a +0 ring mail The puff of frost hits the orc priest.
The orc priest is moderately wounded.
Casting: Throw Frost (safe; 4% risk of failure)
Confirm with . or Enter, or press ? or * to list all spells.
Aiming: Freeze (safe; 1% risk of failure)
Press: ? - help, Shift-Dir - straight line, f/p - orc priest
Aim: an orc priest, wielding a +0 hand axe and wearing a +0 ring mail You freeze the orc priest.
The orc priest is heavily wounded.
The orc priest hits you but does no damage.
You barely miss the orc priest.
The orc priest is heavily wounded.
You hear a splashing noise.
The orc priest hits you but does no damage.
You hit the orc priest but do no damage.
The orc priest is heavily wounded.
The orc priest barely misses you.
Casting: Freeze (safe; 1% risk of failure)
Confirm with . or Enter, or press ? or * to list all spells.
Aiming: Freeze (safe; 1% risk of failure)
Press: ? - help, Shift-Dir - straight line, f/p - orc priest
Aim: an orc priest, wielding a +0 hand axe and wearing a +0 ring mail (heavily You freeze the orc priest.
The orc priest is severely wounded.
The orc priest hits you but does no damage.
You hit the orc priest.
The orc priest is almost dead.
The orc priest hits you with a +0 hand axe.
You closely miss the orc priest.
The orc priest is almost dead.
The orc priest hits you with a +0 hand axe.
You hit the orc priest but do no damage.
The orc priest is almost dead.
You hit the orc priest but do no damage.
The orc priest is almost dead.
The orc priest misses you.
You barely miss the orc priest.
The orc priest is almost dead.
The orc priest looks encouraged for a moment.
You barely miss the orc priest.
The orc priest is almost dead.
The orc priest completely misses you.
Casting: Freeze (safe; 1% risk of failure)
Confirm with . or Enter, or press ? or * to list all spells.
Aiming: Freeze (safe; 1% risk of failure)
Press: ? - help, Shift-Dir - straight line, f/p - orc priest
Aim: an orc priest, wielding a +0 hand axe and wearing a +0 ring mail (almost You freeze the orc priest.
The orc priest is almost dead.
The orc priest invokes the aid of Beogh against you.
Pain shoots through your body!
* * * LOW HITPOINT WARNING * * *
Unknown command.
Unknown command.
You hit the orc priest but do no damage.
The orc priest is almost dead.
The orc priest hits you but does no damage.
Unknown command.
You hit the orc priest but do no damage.
The orc priest is almost dead.
The orc priest hits you with a +0 hand axe.
You die...

≈≈≈≈ ♣..[..##.#.#..##
≈≈≈≈≈♣♣.....##.#.#..#.
oP≈≈≈≈≈≈♣≈.)...##.#.#....
≈♣PP≈≈≈PP≈≈.....##.#.#####
≈≈≈P≈≈≈≈♣♣.......#.#.#..<.
≈≈o≈≈≈≈ ♣≈.......#.#.#.#.#
♣P≈P≈P≈ ♣........#.#.#.#..
♣≈≈≈≈≈≈ #..#####.#.#.#.#.#
♣≈≈≈≈♣#@## #.#.#.#.#.#
♣♣♣.o.# #.#.#...###
♣≈...## #.#.#...... ###..#
#.#.#.#.... ##.#
#.#...#.### #..#
#.#.......# #.##
#.#...#.#.#
####.########.#...#.#.#
#.............###.#.#..


You could see an orc priest.

Vanquished Creatures
  An orc priest (D:3)
  Robin (D:2)
  2 adders (D:3)
  2 oozes (D:1)
  4 dart slugs (D:2)
  2 leopard geckos (D:1)
  3 ball pythons
  8 hobgoblins
  5 kobolds
  9 bats
  8 frilled lizards
  7 goblins
  6 rats
58 creatures vanquished.

Notes
Turn   | Place    | Note
-------+----------+-------------------------------------------
     0 | D:1      | Mgcat the Deep Elf Ice Elementalist began the quest for the
                  | Orb.
     0 | D:1      | Reached XP level 1. HP: 10/10 MP: 6/6
   314 | D:1      | HP: 2/10 [ooze (5)]
   315 | D:1      | Reached XP level 2. HP: 3/15 MP: 2/8
   526 | D:1      | Reached skill level 3 in Stealth
   639 | D:1      | Learned a level 2 spell: Throw Frost
   810 | D:1      | Reached XP level 3. HP: 19/19 MP: 7/10
   815 | D:1      | Learned a level 3 spell: Ozocubu's Armour
  1368 | D:2      | Noticed Robin
  1381 | D:2      | Killed Robin
  1531 | D:2      | Reached skill level 4 in Ice Magic
  1689 | D:2      | Reached skill level 4 in Spellcasting
  1689 | D:2      | Reached skill level 1 in Charms
  1782 | D:2      | Reached XP level 4. HP: 24/24 MP: 7/12
  1818 | D:2      | Learned a level 4 spell: Summon Ice Beast
  2946 | D:3      | Reached skill level 4 in Stealth
  2946 | D:3      | Reached skill level 2 in Conjurations
  2965 | D:3      | HP: 3/24 [orc priest/nerve-wracking pain (6)]
  2967 | D:3      | Slain by an orc priest

Vault maps used:
D:1:      dpeg_arrival_pond
D:2:      serial_rivers, chequers_serial_rivers_micro_a,
          chequers_serial_rivers_micro_d, chequers_serial_rivers_marsh,
          chequers_serial_rivers_small_3, chequers_serial_rivers_small_3,
          minmay_lizard_pond, uniq_robin
D:3:      serial_bayou_lake_a

Skill      XL: |  1  2  3  4 |
---------------+-------------+-----
Stealth        | 3 4 |  4.0
Ice Magic      | 4 |  4.2
Spellcasting   | 4 |  4.2
Charms         | 1 |  1.0
Conjurations   | 2 |  2.0
Dodging        | |  2.4
Summonings     | |  0.9

Action                   |  1- 3 |  4- 6 || total
-------------------------+-------+-------++-------
Melee: Unarmed           |     3 |       ||     3
       Dagger            |     2 |    10 ||    12
 Cast: Freeze            |    34 |     6 ||    40
       Throw Frost       |    31 |    27 ||    58
  Eat: Chunk             |     3 |     4 ||     7
Armor: Robe              |     7 |     2 ||     9
Dodge: Dodged            |    23 |     5 ||    28

Table legend:
 A = Non-vault XP
 B = Vault XP
 C = Vault XP percentage of total XP
 D = Non-vault monster count
 E = Vault monster count
 F = Vault count percentage of total count
                 A         B        C        D         E       F
            +---------+---------+-------+---------+---------+-------
      Total |     158 |      28 |  15.1 |      48 |      10 |  17.2
            +---------+---------+-------+---------+---------+-------
        D:1 |      49 |       0 |   0.0 |      24 |       0 |   0.0
        D:2 |      28 |      28 |  50.0 |      12 |      10 |  45.5
        D:3 |      81 |       0 |   0.0 |      12 |       0 |   0.0
            +---------+---------+-------+---------+---------+-------

Vault maps used:
D:1:      dpeg_arrival_pond
D:2:      serial_rivers, chequers_serial_rivers_micro_a,
          chequers_serial_rivers_micro_d, chequers_serial_rivers_marsh,
          chequers_serial_rivers_small_3, chequers_serial_rivers_small_3,
          minmay_lizard_pond, uniq_robin
D:3:      serial_bayou_lake_a

Table legend:
 A = Turns spent in this place as a percentage of turns spent in the entire game.
 B = Non-inter-level travel turns spent in this place as a percentage of non-inter-level travel turns spent in the entire game.
 C = Inter-level travel turns spent in this place as a percentage of turns spent in this place.
 D = Turns resting spent in this place as a percentage of non-inter-level travel turns spent in this place.
 E = Turns spent auto-exploring this place as a percentage of non-inter-level travel turns spent in this place.
 F = Non-inter-level travel turns spent in this place divided by the number of levels of this place that you've seen.
                   A       B       C       D       E      F
               +-------+-------+-------+-------+-------+----------------------
         Total | 100.0 | 100.0 |   1.2 |   9.7 |  79.5 | 976.7
       Dungeon | 100.0 | 100.0 |   1.2 |   9.7 |  79.5 | 976.7
               +-------+-------+-------+-------+-------+----------------------

Table legend:
 A = Kills in this place as a percentage of kills in entire the game.
 B = Kills by you in this place as a percentage of kills by you in the entire game.
 C = Kills by friends in this place as a percentage of kills by friends in the entire game.
 D = Other kills in this place as a percentage of other kills in the entire game.
 E = Experience gained in this place as a percentage of experience gained in the entire game.
 F = Experience gained in this place divided by the number of levels of this place that you have seen.
                   A       B       C       D       E      F
               +-------+-------+-------+-------+-------+----------------------
         Total | 100.0 | 100.0 |   N/A |   N/A | 100.0 |  62.0
       Dungeon | 100.0 | 100.0 |   N/A |   N/A | 100.0 |  62.0
               +-------+-------+-------+-------+-------+----------------------
